 Dungeon Crawl Stone Soup version 0.31-a0-188-g5e087ee2ca (webtiles) character file.

Game seed: 4006732524004291122

119 qw the Skirmisher (level 4, -5/25 HPs)
             Began as a Deep Elf Hunter on June 23, 2023.
             Was an Initiate of Okawaru.
             Slain by an ogre
             ... wielding a +0 giant club
              (15 damage)
             ... on level 5 of the Dungeon.
             The game lasted 00:00:47 (1778 turns).

qw the Skirmisher (Deep Elf Hunter)                 Turns: 1778, Time: 00:00:48

Health: -5/25      AC: 10    Str: 10    XL:     4   Next: 74%
Magic:  6/6        EV: 11    Int: 14    God:    Okawaru [......]
Gold:   155        SH:  0    Dex: 18    Spells: 3/3 levels left

rFire   . . .        Y - +0 shortbow
rCold   . . .        (shield currently unavailable)
rNeg    . . .        h - +0 ring mail
rPois   .            d - +2 helmet
rElec   .            (no cloak)
rCorr   .            (no gloves)
SInv    .            (no boots)
Will    .....        (no amulet)
Stlth   +            (no ring)
HPRegen 0.24/turn    (no ring)
MPRegen 0.10/turn

%: no passive effects
@: no status effects
A: talons 1, iridescent scales 1, wild magic 1
a: Renounce Religion


You were on level 5 of the Dungeon.
You worshipped Okawaru.
Okawaru was noncommittal.
You visited 2 branches of the dungeon, and saw 6 of its levels.

You collected 155 gold pieces.


Innate Abilities, Weirdness & Mutations

You have sharp toenails.
You are partially covered in iridescent scales. (AC +2)
Your spells are a little harder to cast, but a little more powerful.


   Skills:
 - Level 1.5 Fighting
 + Level 8.2 Ranged Weapons
 - Level 2.4 Dodging
 - Level 1.2 Stealth


You had 3 spell levels left.
You didn't know any spells.
Your spell library was empty.

Inventory:

Hand Weapons
 Y - a +0 shortbow (weapon)
Armour
 d - a +2 helmet (worn)
 h - a +0 ring mail (worn)
Scrolls
 a - a scroll of teleportation
 b - a scroll of identify
Potions
 c - a potion of might {unknown}
 e - a potion of resistance
 f - a potion of enlightenment
 g - a potion of haste
 i - a potion of mutation
 j - 2 potions of heal wounds

Dungeon Overview and Level Annotations

Branches:
Dungeon (6/15)             Temple (1/1) D:6

Altars:
Cheibriados
Dithmenos
Fedhas
Gozag
Hepliaklqana
Kikubaaqudgha
Nemelex Xobeh
Okawaru
Qazlal
Trog
Uskayaw
Vehumet
Yredelemnul
Zin
The Shining One

Shops:
D:3 [


Message History

1715 ||| PLANNING SEWER A hound comes into view.
You shoot an arrow. The arrow hits the hound!
The hound barks!
The hound is heavily wounded.
You shoot an arrow. The arrow hits the hound!
You kill the hound!
Okawaru accepts your kill.
Your Ranged Weapons skill increases to level 8!
You now have 137 gold pieces (gained 13).
Found a chain mail.
There is a shaft here.
You see here a +0 chain mail.
You hear the slow rusting of a very distant drain.
You now have 155 gold pieces (gained 18).
An ogre comes into view. It is wielding a +0 giant club.
You shoot an arrow.
The arrow hits the ogre but does no damage.
You shoot an arrow. The arrow barely misses the ogre.
You shoot an arrow. The arrow hits the ogre.
The ogre is lightly wounded.
The ogre misses you.
You shoot an arrow. The arrow barely misses the ogre.
The ogre closely misses you.
You shoot an arrow. The arrow hits the ogre.
The ogre is lightly wounded.
The ogre hits you with a +0 giant club!
Ouch! That really hurt!
You shoot an arrow.
The arrow hits the ogre but does no damage.
The ogre is lightly wounded.
You shoot an arrow. The arrow hits the ogre.
The ogre is moderately wounded.
The ogre closely misses you.
You shoot an arrow.
The arrow hits the ogre but does no damage.
The ogre is moderately wounded.
The ogre hits you with a +0 giant club!
Ouch! That really hurt!
You die...

..... #.. .....
#..#. . .. ....
#..#. .#.# .. #..
...... ## #.. .#..
.# #.. ... .#
#..####.##### .#
#.....#O#...# .#
#...#.#.@...# .#
#..[#.....#.# .###
##...######### ...#
#............
##.#######..########
#.#........#
#.#.######^#
##......#...#
...#.#.##.###


You could see an ogre.

Vanquished Creatures
  A hound (D:5)
  2 adders
  A dart slug (D:1)
  7 orcs (D:3)
  6 ball pythons
  8 endoplasms
  3 giant cockroaches
  7 goblins
  2 hobgoblins (D:1)
  4 jackals (D:1)
  3 kobolds
  3 quokkas
  2 bats (D:2)
  4 frilled lizards
  6 rats
59 creatures vanquished.

Notes
Turn   | Place    | Note
-------+----------+-------------------------------------------
     0 | D:1      | qw the Deep Elf Hunter began the quest for the Orb.
     0 | D:1      | Reached XP level 1. HP: 12/12 MP: 3/3
     0 | D:1      | 0 ||| qw: Version: 0.3-a-9-g12657ce
     0 | D:1      | 0 ||| qw: Game counter: 3766
     0 | D:1      | 0 ||| qw: Always use a shield: true
     0 | D:1      | 0 ||| qw: God list: Okawaru
     0 | D:1      | 0 ||| qw: Allow faded altars: false
     0 | D:1      | 0 ||| qw: Do Orc after D:15 true
     0 | D:1      | 0 ||| qw: Do second Lair branch before Depths: true
     0 | D:1      | 0 ||| qw: Lair rune preference: random
     0 | D:1      | 0 ||| qw: Plans: Normal
     0 | D:1      | 0 ||| PLANNING D:1-11
   144 | D:1      | Reached skill level 6 in Ranged Weapons
   144 | D:1      | Reached XP level 2. HP: 16/16 MP: 4/4
   446 | D:1      | Reached XP level 3. HP: 20/20 MP: 5/5
   646 | D:1      | 646 ||| UPGRADING to +0 helmet.
   651 | D:1      | 651 ||| READING scroll labelled HIRIAGA OZOGG.
   652 | D:1      | 652 ||| READING scroll labelled NAISTE NIACI.
   657 | D:1      | 657 ||| READING scroll labelled ICIZIECAUSMI.
   658 | D:1      | 658 ||| READING scroll labelled UKULEV CYGRALANT.
   659 | D:1      | 659 ||| READING scroll labelled YFEORITUONY.
   660 | D:1      | 660 ||| DRINKING 3 amethyst potions.
   661 | D:1      | 661 ||| DROPPING scroll of butterflies.
   776 | D:2      | 776 ||| READING scroll of enchant armour.
   776 | D:2      | 776 ||| ENCHANTING +0 helmet.
   807 | D:2      | 807 ||| READING scroll of enchant armour.
   807 | D:2      | 807 ||| ENCHANTING +1 helmet.
   854 | D:2      | Reached skill level 7 in Ranged Weapons
   884 | D:2      | Found a faded altar of an unknown god.
  1216 | D:2      | 1216 ||| UPGRADING to +0 ring mail.
  1226 | D:2      | 1226 ||| DROPPING +0 leather armour.
  1227 | D:2      | 1227 ||| DROPPING ring of wizardry.
  1228 | D:2      | 1228 ||| READING scroll labelled UCIK WAASIYSTUN.
  1229 | D:2      | 1229 ||| READING scroll labelled LUITA MUHUGH.
  1230 | D:2      | 1230 ||| DRINKING 2 coppery potions.
  1231 | D:2      | 1231 ||| READING 3 scrolls of identify.
  1231 | D:2      | 1231 ||| IDENTIFYING fuming golden potion
  1232 | D:2      | 1232 ||| READING 2 scrolls of identify.
  1232 | D:2      | 1232 ||| IDENTIFYING clear potion
  1291 | D:3      | Found Teyngusu's Armour Shop.
  1305 | D:3      | Reached XP level 4. HP: 25/25 MP: 6/6
  1594 | D:3      | You fall into a shaft and drop 3 floors!
  1600 | D:6      | Found an ancient bone altar of Kikubaaqudgha.
  1611 | D:6      | Found a staircase to the Ecumenical Temple.
  1612 | D:6      | 1612 ||| PLANNING TEMPLE
  1612 | D:6      | 1612 ||| DRINKING 2 yellow potions.
  1612 | D:6      | Gained mutation: You have sharp toenails. [potion of
                  | mutation]
  1612 | D:6      | Gained mutation: You are partially covered in iridescent
                  | scales. (AC +2) [potion of mutation]
  1612 | D:6      | Gained mutation: Your spells are a little harder to cast,
                  | but a little more powerful. [potion of mutation]
  1621 | Temple   | Entered the Ecumenical Temple
  1689 | Temple   | 1689 ||| PLANNING OKAWARU WORSHIP
  1696 | Temple   | Became a worshipper of Warmaster Okawaru
  1697 | Temple   | 1697 ||| PLANNING D:1-11
  1714 | D:5      | Entered Level 5 of the Dungeon
  1715 | D:5      | 1715 ||| PLANNING SEWER
  1718 | D:5      | Reached skill level 8 in Ranged Weapons
  1768 | D:5      | Noticed an ogre
  1778 | D:5      | Slain by an ogre

Levels and vault maps discovered:
D:1:      grunt_arrival_lava_bath, layout_loops_ring
D:2:      layout_basic, ebering_ecumenical_altar_box
D:3:      layout_rooms, serial_shops, nicolae_shop_hallway_plus,
          kennysheep_decorative_pillar
D:5:      layout_basic, gup_sewer_entry_glass
D:6:      layout_layer_cave, kiku_gazebo_garden_becter,
          mainiacjoe_overflow_paths, minmay_temple_entry_butterflies,
          serial_bayou_pond_a, minmay_misc_feat_chi, minmay_misc_feat_enclosed,
          st_stairs_1, chequers_serial_rivers_micro_e,
          kennysheep_generic_room_11, uniq_crazy_yiuf_cottage
Temple:   nicolae_temple_great_sept

Skill      XL: |  1  2  3  4 |
---------------+-------------+-----
Ranged Weapons | 6 7 8 |  8.2
Fighting       | |  1.5
Dodging        | |  2.4
Stealth        | |  1.2

Action                     |  1- 3 |  4- 6 || total
---------------------------+-------+-------++-------
   Fire: Shortbow          |    98 |    41 ||   139
    Use: Scroll            |    11 |       ||    11
         Potion            |     2 |     1 ||     3
 Armour: Leather armour    |    10 |       ||    10
         Ring mail         |     3 |     4 ||     7
  Dodge: Dodged            |    20 |     4 ||    24

Table legend:
 A = Non-vault XP
 B = Vault XP
 C = Vault XP percentage of total XP
 D = Non-vault monster count
 E = Vault monster count
 F = Vault count percentage of total count
                 A         B        C        D         E       F
            +---------+---------+-------+---------+---------+-------
      Total |     171 |       0 |   0.0 |      59 |       0 |   0.0
            +---------+---------+-------+---------+---------+-------
        D:1 |      44 |       0 |   0.0 |      25 |       0 |   0.0
        D:2 |      32 |       0 |   0.0 |      14 |       0 |   0.0
        D:3 |      52 |       0 |   0.0 |      19 |       0 |   0.0
        D:5 |      43 |       0 |   0.0 |       1 |       0 |   0.0
            +---------+---------+-------+---------+---------+-------
